 Dungeon Crawl Stone Soup version 0.25-a0-785-gb22c70e859 (webtiles) character file.

Game seed: 9169114536386254699, levelgen mode: deterministic

7531 mortelune the Slicer (level 11, -3/69 HPs)
             Began as a Kobold Hunter on Apr 17, 2020.
             Was an Elder of Okawaru.
             Slain by a spiny frog (5 damage)
             ... on level 1 of the Lair of Beasts.
             The game lasted 00:27:32 (14270 turns).

mortelune the Slicer (Kobold Hunter)               Turns: 14270, Time: 00:27:32

Health: -3/69      AC:  8    Str: 14    XL:     11   Next: 39%
Magic:  11/11      EV: 23    Int: 15    God:    Okawaru [****..]
Gold:   560        SH:  0    Dex: 15    Spells: 10/10 levels left

rFire    . . .     SeeInvis .   b - +3 rapier (speed)
rCold    . . .     Gourm    .   (shield restricted)
rNeg     . . .     Faith    .   h - +0 ring mail
rPois    .         Spirit   .   r - +1 helmet
rElec    .         Reflect  .   (no cloak)
rCorr    .         Harm     .   (no gloves)
MR       .....                  (no boots)
Stlth    ++++++....             v - amulet of magic regeneration
HPRegen  0.21/turn              i - ring of stealth
MPRegen  0.37/turn              w - +3 ring of intelligence

@: heroism
A: small, carnivore
a: Heroism, Renounce Religion


You were on level 1 of the Lair of Beasts.
You worshipped Okawaru.
Okawaru was greatly pleased with you.
You were not hungry.

You visited 3 branches of the dungeon, and saw 12 of its levels.
You also visited: Ossuary.

You collected 728 gold pieces.
You spent 168 gold pieces at shops.

Inventory:

Hand Weapons
 a - a +1 hand crossbow
 b - a +3 rapier of speed (weapon)
 H - the +2 quarterstaff of Valour {flame, rC+ Dex+4}
   (You found it on level 9 of the Dungeon)

   It has been specially enchanted to burn those struck by it, causing extra
   injury to most foes and up to half again as much damage against particularly
   susceptible opponents.
   It affects your dexterity (+4).
   It protects you from cold.
 J - a +4 short sword
Missiles
 d - 138 bolts
Armour
 c - a +0 leather armour
 g - a +0 chain mail
 h - a +0 ring mail (worn)
 r - a +1 helmet (worn)
 u - a -2 robe
 O - the +2 chain mail "Riutikh" {Int+3 Dex-2 SInv Stlth+}
   (You found it on level 9 of the Dungeon)

   It affects your intelligence (+3).
   It affects your dexterity (-2).
   It lets you see invisible.
   It makes you more stealthy.
Jewellery
 i - a ring of stealth (left hand)
 v - an amulet of magic regeneration (around neck)
 w - a +3 ring of intelligence (right hand)
Wands
 e - a wand of scattershot (5)
 I - a wand of enslavement (9)
 K - a wand of iceblast (5)
 N - a wand of paralysis (6)
Scrolls
 l - a scroll of enchant armour
 m - a scroll of fog
 n - a scroll of amnesia
 o - 3 scrolls of fear
 q - a scroll of enchant weapon
 y - 2 scrolls of remove curse
 B - 3 scrolls of identify
 C - a scroll of blinking
 F - 4 scrolls of teleportation
 G - a scroll of immolation
 L - a scroll of silence {unknown}
 M - a scroll of noise {unknown}
Potions
 j - 2 potions of brilliance
 k - a potion of resistance
 p - 3 potions of lignification
 s - a potion of ambrosia {unknown}
 t - 2 potions of magic
 x - 3 potions of stabbing
 z - 3 potions of flight
 A - 2 potions of cancellation
 E - a potion of mutation
Comestibles
 f - 16 rations


   Skills:
 + Level 8.9(13.9) Fighting
 * Level 13.7(18.7) Short Blades
 + Level 5.8(10.8) Crossbows
 + Level 9.6(14.6) Dodging
 - Level 8.5(13.5) Stealth


You had 10 spell levels left.
You didn't know any spells.
Your spell library contained the following spells:

 Spells                   Type           Power        Failure   Level  Hunger
 Beastly Appendage        Tmut           #.....       45%         1    ##.....
 Magic Dart               Conj           #...         45%         1    ##.....
 Blink                    Tloc           N/A          61%         2    ###....
 Call Imp                 Summ           #.......     61%         2    ###....
 Slow                     Hex            #.......     61%         2    ###....
 Sticks to Snakes         Tmut           #.......     61%         2    ###....
 Conjure Flame            Conj/Fire      #.......     83%         3    ####...
 Mephitic Cloud           Conj/Pois/Air  #.......     83%         3    ####...
 Spider Form              Tmut/Pois      #.........   83%         3    ####...
 Ice Form                 Ice/Tmut       #.......     99%         4    #####..
 Blade Hands              Tmut           #.........   100%        5    ######.


Dungeon Overview and Level Annotations

Branches:
Dungeon (10/15)            Temple (1/1) D:7            Lair (1/6) D:9
Ossuary (visited)
    Orc: D:9-12

Altars:
Ashenzari
Cheibriados
Dithmenos
Elyvilon
Fedhas
Gozag
Hepliaklqana
Kikubaaqudgha
Makhleb
Nemelex Xobeh
Okawaru
Qazlal
Ru
Sif Muna
Trog
Uskayaw
Vehumet
Wu Jian
Xom
Yredelemnul
Zin
The Shining One

Shops:
D:4 (   D:6 (

Annotations:
D:3 3 runed translucent doors, emiel's ghost, novice DsFi
D:4 2 runed translucent doors, zkyp's ghost, novice NaGl
D:5 1 exclusion, Sigmund


Innate Abilities, Weirdness & Mutations

You are small and have problems with some larger weapons.
You are carnivorous and can eat meat at any time.


Message History

You closely miss the bullfrog.
The bullfrog is severely wounded.
The spiny frog stings you!
You are poisoned.
The spiny frog poisons you! The bullfrog hits you.
The spiny frog closely misses you.
You puncture the bullfrog!
You kill the bullfrog!
Okawaru accepts your kill.
You feel sick.
You feel sick. The spiny frog stings you.
You are more poisoned.
The spiny frog poisons you! The spiny frog stings you!!
* * * LOW HITPOINT WARNING * * *
You are more poisoned.
The spiny frog poisons you!
You feel better. The spiny frog stings you!!
* * * LOW HITPOINT WARNING * * *
The spiny frog stings you.
You die...

...... #..## #..#
......#####...# #..### ..
......P#.#...####..#P##...
..........(...............
.....(....................
(.....#P##P..###...# .#
..... ####P..# ##.># ..#
.... ##FF# #..# ##..P .##
#.@####..##....#
#...............
#...............
#..##.#....##.##
#..#####..## # #..P #..#
...## ##..# ....# #...# ..
###..# ##..# #..


You could see 2 spiny frogs.

Vanquished Creatures
  A moth of wrath (shapeshifter) (D:10)
  2 gargoyles (D:10)
  A troll (D:8)
  3 hippogriffs
  A wyvern (D:10)
  A yak (D:9)
  3 hungry ghosts
  A water moccasin (D:7)
  2 sky beasts
  A black bear (D:7)
  2 ice beasts
  4 orc warriors
  5 phantoms
  An ogre (D:7)
  A necrophage (D:8)
  5 centaurs
  2 crocodiles (D:9)
  9 bullfrogs
  A gnoll sergeant (D:8)
  An elf skeleton (D:5)
  4 wights
  10 howler monkeys
  A centaur zombie (D:8)
  3 bullfrog zombies (D:7)
  7 hounds
  2 jellies
  10 orc wizards
  A human zombie (D:5)
  6 orc priests
  4 iguanas
  A bullfrog skeleton (D:6)
  A centaur skeleton (D:4)
  2 gnoll shamans
  A human skeleton (D:5)
  5 worker ants
  A big kobold zombie (Ossuary)
  A hound zombie (D:5)
  A hound skeleton (D:7)
  8 mummies (Ossuary)
  22 gnolls
  11 adders
  2 shadow imps (D:7)
  An ooze (D:4)
  An adder zombie (D:8)
  An adder skeleton (D:4)
  3 worms
  A dart slug (D:4)
  2 leopard geckos
  33 orcs
  A ball python (D:1)
  5 giant cockroaches
  A gnoll zombie (Ossuary)
  5 goblins
  3 hobgoblins
  6 jackals
  8 kobolds
  8 quokkas
  8 bats
  2 frilled lizards
  4 kobold zombies (Ossuary)
  3 orc skeletons (D:5)
  2 orc zombies (Ossuary)
  A quokka skeleton (D:5)
  5 rats
255 creatures vanquished.

Vanquished Creatures (others)
  A plant (Lair:1)
1 creature vanquished.

Grand Total: 256 creatures vanquished

Notes
Turn   | Place    | Note
-------+----------+-------------------------------------------
     0 | D:1      | mortelune the Kobold Hunter began the quest for the Orb.
     0 | D:1      | Reached XP level 1. HP: 12/12 MP: 1/1
    15 | D:1      | Noticed a minotaur skeleton
    20 | D:1      | Noticed a minotaur skeleton
    20 | D:1      | Noticed a minotaur skeleton
    49 | D:1      | Reached skill level 1 in Short Blades
   263 | D:1      | Reached XP level 2. HP: 14/18 MP: 2/2
   742 | D:1      | Reached skill level 2 in Short Blades
  1346 | D:2      | Reached XP level 3. HP: 18/22 MP: 3/3
  1587 | D:2      | Found a shadowy altar of Dithmenos.
  2718 | D:3      | Reached skill level 3 in Short Blades
  2718 | D:3      | Reached XP level 4. HP: 27/27 MP: 4/4
  2922 | D:3      | Reached XP level 5. HP: 27/32 MP: 5/5
  2928 | D:3      | Reached skill level 4 in Short Blades
  3042 | D:3      | Found a runed translucent gate.
  3042 | D:3      | Found a runed translucent gate.
  3043 | D:3      | Found a runed translucent gate.
  3046 | D:3      | Found a burning altar of Makhleb.
  3497 | D:3      | Noticed emiel's ghost (novice DsFi)
  3888 | D:3      | Reached XP level 6. HP: 21/38 MP: 6/6
  3910 | D:3      | Reached skill level 5 in Short Blades
  4358 | D:4      | Noticed a phantom
  4380 | D:4      | Killed a phantom
  4484 | D:4      | Found Muluh's Antique Weapon Shop.
  4548 | D:4      | Bought a glowing rapier for 168 gold pieces
  4567 | D:4      | Found a large runed translucent door.
  4567 | D:4      | Found a large runed translucent door.
  4567 | D:4      | Noticed zkyp's ghost (novice NaGl)
  4569 | D:4      | Noticed a phantom
  4582 | D:4      | Killed a phantom
  4582 | D:4      | Reached skill level 6 in Short Blades
  4582 | D:4      | Reached XP level 7. HP: 34/44 MP: 7/7
  5091 | D:4      | Reached skill level 5 in Dodging
  5248 | D:4      | Found a hazy altar of Hepliaklqana.
  5298 | D:4      | Reached skill level 7 in Short Blades
  5410 | D:5      | Entered Level 5 of the Dungeon
  5414 | D:5      | Noticed Sigmund
  5625 | D:5      | Reached XP level 8. HP: 48/48 MP: 8/8
  5631 | D:5      | Found a sand-covered staircase.
  5645 | D:5      | Reached skill level 5 in Fighting
  5649 | Ossuary  | Entered an ossuary
  6163 | D:5      | Reached skill level 8 in Short Blades
  7457 | D:6      | Reached skill level 9 in Short Blades
  7461 | D:6      | Found Leol Geest's Weapon Shoppe.
  7538 | D:6      | Reached XP level 9. HP: 41/55 MP: 9/9
  8245 | D:7      | Reached skill level 10 in Short Blades
  8245 | D:7      | Reached skill level 5 in Stealth
  8352 | D:7      | Found a staircase to the Ecumenical Temple.
  8765 | Temple   | Entered the Ecumenical Temple
  8880 | Temple   | Became a worshipper of Warmaster Okawaru
  9469 | D:7      | Reached skill level 11 in Short Blades
  9469 | D:7      | Reached XP level 10. HP: 58/63 MP: 10/10
  9481 | D:7      | Found a white marble altar of Elyvilon.
  9697 | D:8      | Reached * piety under Okawaru
 10196 | D:8      | Reached ** piety under Okawaru
 10196 | D:8      | Reached skill level 12 in Short Blades
 11091 | D:9      | Found a staircase to the Lair.
 11533 | D:9      | Got a slimy chain mail
 11544 | D:9      | Identified the +2 chain mail "Riutikh" {Int+3 Dex-2 SInv
                  | Stlth+} (You found it on level 9 of the Dungeon)
 11590 | D:10     | Entered Level 10 of the Dungeon
 12234 | D:10     | Noticed a yaktaur
 12238 | D:10     | Noticed a gargoyle
 12742 | D:10     | Reached *** piety under Okawaru
 12742 | D:10     | Reached XP level 11. HP: 56/68 MP: 11/11
 13099 | D:10     | Reached skill level 13 in Short Blades
 13162 | D:10     | Noticed a moth of wrath
 13177 | D:10     | Killed a moth of wrath
 13177 | D:10     | Reached skill level 5 in Crossbows
 13789 | D:10     | Reached **** piety under Okawaru
 14173 | D:9      | Got a shimmering quarterstaff
 14174 | D:9      | Identified the cursed +2 quarterstaff of Valour {flame, rC+
                  | Dex+4} (You found it on level 9 of the Dungeon)
 14203 | Lair:1   | Entered Level 1 of the Lair of Beasts
 14270 | Lair:1   | HP: 2/69 [spiny frog (19)]
 14270 | Lair:1   | Slain by a spiny frog

Levels and vault maps discovered:
D:1:      shiori_arrival_whats_in_store_for_you, layout_basic
D:2:      layout_loops_cross, grunt_dithmenos_smoke
D:3:      layout_basic, makhleb_heckhound_becter, ebering_ghost_rock_garden
D:4:      layout_cave_pools, kennysheep_mini, serial_shops, shop, first_ration,
          ebering_ghost_disaster_area
D:5:      layout_basic, nicolae_ossuary_entry_catacombs, serial_park_tiny_pond,
          uniq_sigmund
D:6:      layout_basic, serial_shops, kennysheep_mini_moat
D:7:      layout_rooms, minmay_temple_entry_waves, minmay_ruined_shrine
D:8:      layout_rooms
D:9:      layout_loops_ring, david_lair_generic
D:10:     layout_cave_pools
Temple:   regret_index_temple_chain_breaker
Lair:1:   layout_small_grid, infiniplex_staircase_pool_2

Skill      XL: |  1  2  3  4  5  6  7  8  9 10 11 |
---------------+----------------------------------+-----
Short Blades   | 1 2 3 4 6 7 9 11 12 13 | 13.7
Dodging        | 3 4 5 6 7 9 |  9.6
Fighting       | 3 4 5 7 8 |  8.9
Stealth        | 4 6 8 |  8.5
Crossbows      | 5 |  5.8

Action                   |  1- 3 |  4- 6 |  7- 9 | 10-12 || total
-------------------------+-------+-------+-------+-------++-------
Melee: Short sword       |   112 |   110 |       |       ||   222
       Rapier            |       |     5 |   468 |   352 ||   825
       Punch             |       |       |       |     1 ||     1
 Fire: Hand crossbow     |    33 |    76 |    64 |   131 ||   304
Invok: Heroism           |       |       |       |     2 ||     2
  Use: Potion            |       |     4 |     1 |     4 ||     9
       Scroll            |       |     2 |    10 |    13 ||    25
 Stab: Sleeping          |       |       |    12 |    10 ||    22
  Eat: Chunk             |    10 |     6 |    16 |    13 ||    45
       Ration            |       |       |       |     2 ||     2
Armor: Leather armour    |    17 |       |       |       ||    17
       Chain mail        |     3 |       |       |       ||     3
       Ring mail         |    34 |    54 |    59 |    38 ||   185
Dodge: Dodged            |   128 |    71 |   220 |   232 ||   651

Table legend:
 A = Non-vault XP
 B = Vault XP
 C = Vault XP percentage of total XP
 D = Non-vault monster count
 E = Vault monster count
 F = Vault count percentage of total count
                 A         B        C        D         E       F
            +---------+---------+-------+---------+---------+-------
      Total |    9357 |    1402 |  13.0 |     221 |      34 |  13.3
            +---------+---------+-------+---------+---------+-------
        D:1 |      28 |       0 |   0.0 |      17 |       0 |   0.0
        D:2 |      28 |       0 |   0.0 |      14 |       0 |   0.0
        D:3 |     308 |      46 |  13.0 |      23 |       1 |   4.2
        D:4 |     473 |       0 |   0.0 |      15 |       0 |   0.0
        D:5 |     342 |     162 |  32.1 |      10 |       6 |  37.5
        D:6 |     848 |       0 |   0.0 |      30 |       0 |   0.0
        D:7 |    1339 |     358 |  21.1 |      35 |       7 |  16.7
        D:8 |    1752 |       0 |   0.0 |      33 |       0 |   0.0
        D:9 |    1260 |     657 |  34.3 |      17 |       4 |  19.0
       D:10 |    2886 |       0 |   0.0 |      26 |       0 |   0.0
     Lair:1 |      93 |       0 |   0.0 |       1 |       0 |   0.0
    Ossuary |       0 |     179 | 100.0 |       0 |      16 | 100.0
            +---------+---------+-------+---------+---------+-------
